 Dungeon Sprint DCSS version 0.28-a0-268-g3f656e82c2 (webtiles) character file.

Game seed: 228401168424562852

11082 Ankalagon the Tortoise (level 11, -12/111 HPs)
             Began as a Deep Dwarf Fighter on Aug 29, 2021.
             Was the Champion of Makhleb.
             Killed from afar by a deep elf sorcerer (56 damage)
             ... with a bolt of acid
             ... in the Dungeon (Sprint V: "Ziggurat Sprint").
             The game lasted 00:05:52 (686 turns).

Ankalagon the Tortoise (Deep Dwarf Fighter)          Turns: 686, Time: 00:05:52

Health: -12/111    AC: 27    Str: 24    XL:     11   Next: 44%
Magic:  0/20       EV: 16    Int: 12    God:    Makhleb [******]
Gold:   0          SH:  9    Dex: 20    Spells: 10/10 levels left

rFire   . . .      SeeInvis +   O - +7 Screaming Sword {vorpal, sonic wave}
rCold   . . .      Faith    .   B - +3 buckler
rNeg    + . .      Spirit   +   u - +5 storm dragon scales
rPois   .          Reflect  .   a - +0 mask of the Dragon {Will+ Slay+3 SInv}
rElec   +          Harm     .   (no cloak)
rCorr   .          Rampage  .   S - +2 pair of gloves {Str+3}
Will    ++...      NoTele   +   Y - +0 pair of boots of the Komodo Dragon {Fly rN+ Regen+}
Stlth   ..........              U - amulet of Wonder {Spirit Int+3 SInv}
HPRegen 0.00/turn               G - +6 ring of dexterity
MPRegen 0.17/turn               Z - +4 ring of protection

@: corroded, flying
A: damage resistance, heal wounds, sense surroundings 2, no regeneration
a: Heal Wounds, Renounce Religion, Minor Destruction, Lesser Servant of Makhleb,
Major Destruction, Greater Servant of Makhleb


You were in the Dungeon.
You worshipped Makhleb.
Makhleb was exalted by your worship.
You visited 1 branch

Inventory:

Hand Weapons
 O - the +7 Screaming Sword (weapon) {vorpal, sonic wave}
   (You found it in the Dungeon)

   It inflicts extra damage upon your enemies.
   It radiates damaging sonic waves as it strikes, especially in combat
   involving dangerous or numerous foes.
 P - the +5 sword of Power {vorpal}
   (You found it in the Dungeon)

   It inflicts extra damage upon your enemies.
   It occasionally discharges a powerful but inaccurate bolt of energy upon
   striking a foe, with increased chance the greater the wielder's current
   health.
 Q - the +9 sword of Zonguldrok {reap}
   (You found it in the Dungeon)

   Any living foe damaged by it may be reanimated upon death as a zombie
   friendly to the wielder, with an increasing chance as more damage is dealt.
Armour
 a - the +0 mask of the Dragon (worn) {Will+ Slay+3 SInv}
   (You found it in the Dungeon)

   Slay:      It affects your accuracy & damage with ranged weapons and melee
   (+3).
   SInv:      It lets you see invisible.
   Will:      It increases your willpower.
 s - +5 fire dragon scales
 t - +5 ice dragon scales
 u - +5 storm dragon scales (worn)
 v - +5 shadow dragon scales
 w - +5 gold dragon scales
 x - a +5 crystal plate armour
 y - a +5 plate armour
 z - a +3 kite shield
 A - a +3 tower shield
 B - a +3 buckler (worn)
 N - the +18 shield of the Gong {rElec rN+ Will+ EV-5}
   (You found it in the Dungeon)

   It is deafeningly noisy when blocking attacks.
   EV:        It affects your evasion (-5).
   rElec:     It insulates you from electricity.
   rN:        It protects you from negative energy.
   Will:      It increases your willpower.
 S - a +2 pair of gloves of strength (worn)
 Y - the +0 pair of boots of the Komodo Dragon (worn) {Fly rN+ Regen+}
   (You found it in the Dungeon)

   rN:        It protects you from negative energy.
   Fly:       It grants you flight.
   Regen:     It increases your rate of health regeneration.
Jewellery
 F - a ring of flight
 G - a +6 ring of dexterity (left hand)
 H - a +6 ring of dexterity
 I - a +6 ring of intelligence
 J - a +6 ring of intelligence
 K - a +6 ring of strength
 L - a +6 ring of strength
 U - the amulet of Wonder (around neck) {Spirit Int+3 SInv}
   (You found it in the Dungeon)

   [amulet of guardian spirit]

   It causes incoming damage to be divided between your reserves of health and
   magic.
   Int:       It affects your intelligence (+3).
   SInv:      It lets you see invisible.
 W - a +6 ring of intelligence
 Z - a +4 ring of protection (right hand)
Wands
 C - a wand of mindburst (7)
 D - a wand of iceblast (7)
 E - a wand of acid (7)
Scrolls
 j - 3 scrolls of blinking
 n - 4 scrolls of amnesia
 o - 7 scrolls of fog
 p - a scroll of holy word
 q - 5 scrolls of identify
 r - 2 scrolls of fear
Potions
 d - 6 potions of might
 e - 10 potions of curing
 f - 6 potions of heal wounds
 g - 6 potions of haste
 h - 7 potions of magic
 i - 3 potions of berserk rage
 k - 2 potions of brilliance
 l - 2 potions of invisibility
 m - 4 potions of resistance
Miscellaneous
 M - a lightning rod (4/4) (quivered)
 R - a condenser vane
 T - a piece from Xom's chessboard (15/15)
 V - a phantom mirror
 X - a phial of floods


   Skills:
 + Level 11.5 Fighting
 + Level 12.3 Long Blades
 + Level 15.5 Armour
 + Level 13.0 Dodging
 - Level 4.0 Shields
 + Level 12.9 Invocations
 + Level 15.0 Evocations


You had 10 spell levels left.
You didn't know any spells.
Your spell library contained the following spells:

 Spells                   Type           Power      Damage    Failure   Level
 Pain                     Necr           0%         1d4       80%         1
 Sandblast                Erth           0%         2d4       80%         1
 Passwall                 Tmut/Erth      0%         N/A       90%         2
 Slow                     Hex            0%         N/A       90%         2
 Agony                    Necr           0%         N/A       100%        5
 Excruciating Wounds      Necr           0%         N/A       100%        5
 Freezing Cloud           Conj/Ice/Air   0%         6-21      100%        5
 Lee's Rapid Deconstruct  Erth           0%         3d5*      100%        5
 Yara's Violent Unravell  Hex/Tmut       0%         3d3       100%        5
 Dispersal                Tloc           0%         N/A       100%        6
 Simulacrum               Ice/Necr       0%         N/A       100%        6
 Disjunction              Tloc           0%         N/A       100%        8
 Polar Vortex             Ice            0%         N/A       100%        9


Dungeon Overview and Level Annotations

Branches:
Dungeon (1/1)

Altars:
Ashenzari
Cheibriados
Dithmenos
Elyvilon
Fedhas
Gozag
Hepliaklqana
Kikubaaqudgha
Makhleb
Nemelex Xobeh
Okawaru
Qazlal
Ru
Sif Muna
Trog
Uskayaw
Vehumet
Wu Jian
Xom
Yredelemnul
Zin
The Shining One
Beogh
Jiyva
Lugonu


Innate Abilities, Weirdness & Mutations

You are resistant to damage.
You can heal yourself by infusing magical energy.
You passively map the area around you.
You do not regenerate.


Message History

The deep elf blademaster is heavily wounded.
Your blizzard demon disappears in a puff of smoke!
The air elemental is engulfed in freezing vapours.
You destroy the air elemental!
Makhleb accepts your kill.
You feel better.
The deep elf blademaster is engulfed in freezing vapours.
The deep elf sorcerer is engulfed in freezing vapours.
The deep elf sorcerer casts a spell at you.
The bolt of acid hits you!! The acid corrodes you!
The deep elf knight is engulfed in freezing vapours.
The deep elf knight casts a spell at you.
You block the shard of ice.
Your condenser vane has recharged.
Your Dodging skill increases to level 13!
Your Evocations skill increases to level 15!
Unknown command.
Unknown command.
Your storm dragon scales prevents you from hitting the deep elf blademaster.
The deep elf blademaster is heavily wounded.
The deep elf blademaster is engulfed in freezing vapours.
The deep elf blademaster hits you with a +0 rapier!
The deep elf blademaster hits you with a +0 rapier.
The deep elf sorcerer is engulfed in freezing vapours.
The deep elf blademaster is engulfed in freezing vapours.
You block the deep elf blademaster's attack. x2
You completely miss the deep elf blademaster.
The deep elf blademaster is severely wounded.
The deep elf sorcerer is engulfed in freezing vapours.
The deep elf sorcerer points at you and mumbles some strange words.
You resist with almost no effort.
The deep elf knight is engulfed in freezing vapours.
The deep elf blademaster is engulfed in freezing vapours.
The deep elf blademaster hits you but does no damage.
The deep elf blademaster hits you with a +0 rapier!
The deep elf sorcerer is engulfed in freezing vapours.
The deep elf sorcerer casts a spell at you.
The bolt of acid hits you!!!
Ouch! That really hurt!
You die...

, , * , ▓..}||[}.. ,
, ,
▓..§§§§§°§▓...)=.)..
, ,
▓..§§e§§§§▓....[....
, ,
,▓.§§E§§§§§▓.........
, ,
,▓.§§Ee§§§.▓.........
*
▓.§§§.§§§.▓.........
, , * , ,
▓.§e§§§§§.▓.▓.....▓.
* , ,
▓.▓§§...▓.▓....©....
© ,
▓.e@§©....▓▓▓▓▓▓▓▓▓▓
* ▓▓▓▓▓▓▓▓▓▓▓ * * *
** * © , , , , , , ,
, , , , ,,,,, , , ,,
* , , , , ,, , *,, ,,
, , , , ,,, ,, ,, ,,,
,, , , ,


You could see a deep elf blademaster, a deep elf sorcerer (fast), a deep elf
knight (invisible), a deep elf high priest and 2 earth elementals.

Vanquished Creatures
  3 vault wardens (D)
  2 ironbound preservers (D)
  A vault guard (D)
  2 deep elf zephyrmancers (D)
  A deep elf pyromancer (D)
  2 jumping spiders (D)
  2 merfolk (D)
  2 slime creatures (D)
  A wind drake (D)
  An air elemental (D)
  A ynoxinul (D)
  A tarantella (D)
  4 golden eyes (D)
  A floating eye (D)
  2 necrophages (D)
  4 centaurs (D)
  A phantom (D)
  5 scorpions (D)
  3 wights (D)
  A quasit (D)
  An orc wizard (D)
  2 adders (D)
  2 shadow imps (D)
  An ufetubus (D)
  An adder skeleton (D)
  2 orcs (D)
  3 bat skeletons (D)
  2 endoplasms (D)
  2 ball pythons (D)
  A ball python skeleton (D)
  A giant cockroach zombie (D)
58 creatures vanquished.

Notes
Turn   | Place    | Note
-------+----------+-------------------------------------------
     0 | D        | Ankalagon the Deep Dwarf Fighter began the quest for the
                  | Orb.
     0 | D        | Reached XP level 1. HP: 20/20 MP: 1/1
     0 | D        | Found a shimmering blue altar of Sif Muna.
     0 | D        | Found a sacrificial altar of Ru.
     0 | D        | Found a bloodstained altar of Trog.
     0 | D        | Found a stormy altar of Qazlal.
     0 | D        | Found an iron altar of Okawaru.
     0 | D        | Found a sparkling altar of Nemelex Xobeh.
     0 | D        | Found a blossoming altar of Fedhas.
     0 | D        | Found the +6 Majin-Bo {vamp, MP+6 Int+6}
     0 | D        | Found the +9 heavy crossbow "Sniper" {vorpal, Acc+∞ SInv}
     0 | D        | Found the +10 dark maul {vorpal}
     0 | D        | Found the +15 Maxwell's patent armour {-Cast -Tele rElec
                  | Will+ rCorr}
     0 | D        | Found the +18 shield of the Gong {rElec rN+ Will+ EV-5}
     0 | D        | Found the +14 obsidian axe {vorpal, Drain Fly SInv}
     0 | D        | Found the +7 great mace "Firestarter" {inner flame, rF++}
     0 | D        | Found the +6 shillelagh "Devastator" {shatter}
     0 | D        | Found the +11 plutonium sword {Contam Stlth-}
     0 | D        | Found the +8 lance "Wyrmbane" {slay drac, rPois rF+ rC+
                  | AC+3}
     0 | D        | Found the +9 sword of Zonguldrok {reap}
     0 | D        | Found the +13 scythe of Curses {drain, Drain}
     0 | D        | Found the +5 sword of Power {vorpal}
     0 | D        | Found the +7 mace of Variability {chain chaos}
     0 | D        | Found the +7 Singing Sword {vorpal, sonic wave}
     0 | D        | Found the +8 storm bow {elec, penet}
     2 | D        | Found a transporter.
     2 | D        | Found an ancient bone altar of Kikubaaqudgha.
     2 | D        | Found a viscous altar of Jiyva.
     2 | D        | Found a corrupted altar of Lugonu.
     2 | D        | Found a hazy altar of Hepliaklqana.
     2 | D        | Found a burning altar of Makhleb.
     2 | D        | Found an opulent altar of Gozag.
    31 | D        | Became a worshipper of Makhleb the Destroyer
    38 | D        | Reached XP level 2. HP: 30/30 MP: 2/2
    76 | D        | Entered arena 2.
    76 | D        | Noticed a scorpion
    76 | D        | Noticed a scorpion
    76 | D        | Found a transporter.
    78 | D        | Killed a scorpion
    79 | D        | Reached skill level 5 in Armour
    79 | D        | Reached skill level 5 in Evocations
    79 | D        | Reached XP level 3. HP: 37/37 MP: 3/3
    79 | D        | Reached XP level 4. HP: 45/45 MP: 4/4
    79 | D        | Killed a scorpion
    80 | D        | Reached skill level 5 in Fighting
    80 | D        | Reached skill level 5 in Long Blades
    91 | D        | Entered arena 3.
    91 | D        | Found a transporter.
    92 | D        | Reached * piety under Makhleb
    94 | D        | Reached skill level 5 in Dodging
    96 | D        | Reached XP level 5. HP: 52/52 MP: 5/5
   191 | D        | Entered arena 4.
   191 | D        | Noticed a phantom
   191 | D        | Found a transporter.
   193 | D        | Reached ** piety under Makhleb
   195 | D        | Killed a phantom
   196 | D        | Reached XP level 6. HP: 62/62 MP: 6/6
   207 | D        | Acquired a manual of Armour
   210 | D        | Entered arena 5.
   210 | D        | Found a transporter.
   211 | D        | Reached *** piety under Makhleb
   218 | D        | Got the amulet of Wonder {Spirit Int+3 SInv}
   330 | D        | Entered arena 6.
   330 | D        | Noticed a ynoxinul
   330 | D        | Found a transporter.
   335 | D        | Reached **** piety under Makhleb
   337 | D        | Killed a ynoxinul
   339 | D        | Reached ***** piety under Makhleb
   340 | D        | Reached XP level 7. HP: 70/70 MP: 0/7
   355 | D        | Entered arena 7.
   355 | D        | Noticed a tarantella
   355 | D        | Noticed a jumping spider
   355 | D        | Noticed a jumping spider
   359 | D        | Killed a tarantella
   359 | D        | Killed a jumping spider
   360 | D        | Reached skill level 10 in Armour
   360 | D        | Reached skill level 10 in Evocations
   360 | D        | Reached XP level 8. HP: 81/81 MP: 0/11
   362 | D        | Killed a jumping spider
   363 | D        | Reached skill level 5 in Invocations
   363 | D        | Found a transporter.
   373 | D        | Entered arena 8.
   373 | D        | Noticed an ironbound preserver
   373 | D        | Noticed a vault warden
   373 | D        | Noticed a vault guard
   373 | D        | Noticed a vault warden
   373 | D        | Noticed a vault warden
   373 | D        | Noticed an ironbound preserver
   378 | D        | Killed an ironbound preserver
   379 | D        | Gained mutation: You passively map the area around you.
                  | [Deep Dwarf growth]
   379 | D        | Reached XP level 9. HP: 66/91 MP: 0/14
   387 | D        | Found a transporter.
   389 | D        | Killed a vault warden
   390 | D        | Reached skill level 10 in Long Blades
   390 | D        | Reached skill level 10 in Dodging
   391 | D        | Killed a vault warden
   391 | D        | Reached ****** piety under Makhleb
   392 | D        | Reached skill level 10 in Fighting
   392 | D        | Reached skill level 10 in Invocations
   392 | D        | Reached XP level 10. HP: 57/102 MP: 0/17
   396 | D        | Killed an ironbound preserver
   396 | D        | Killed a vault warden
   401 | D        | Killed a vault guard
   412 | D        | Got the Volume of Execration
   418 | D        | Entered arena 9.
   419 | D        | Found a transporter.
   422 | D        | Reached XP level 11. HP: 90/110 MP: 0/19
   423 | D        | Reached skill level 15 in Armour
   533 | D        | Got the +0 pair of boots of the Komodo Dragon {Fly rN+
                  | Regen+}
   544 | D        | Entered arena 10.
   550 | D        | Found a transporter.
   565 | D        | Entered arena 11.
   565 | D        | Found the +0 mask of the Dragon {Will+ Slay+3 SInv}
   567 | D        | Found a transporter.
   570 | D        | Paralysed by a floating eye for 4 turns
   679 | D        | Entered arena 12.
   679 | D        | Found the +4 robe of Folly {Brilliance Will-∞ Int+8}
   679 | D        | Noticed a deep elf knight
   679 | D        | Noticed a deep elf zephyrmancer
   679 | D        | Noticed a deep elf blademaster
   679 | D        | Noticed a deep elf pyromancer
   679 | D        | Noticed a deep elf sorcerer
   679 | D        | Noticed a deep elf high priest
   679 | D        | Noticed a deep elf zephyrmancer
   680 | D        | Paralysed by an air elemental for 1 turns
   684 | D        | Killed a deep elf zephyrmancer
   684 | D        | Killed a deep elf zephyrmancer
   684 | D        | Killed a deep elf pyromancer
   685 | D        | Reached skill level 15 in Evocations
   686 | D        | Killed from afar by a deep elf sorcerer

Illustrated notes

Levels and vault maps discovered:
D:        sprint_v [room_start, room_1, room_2, room_3, room_4, room_5, room_6,
          room_7, room_8, room_9, room_10, room_11, room_12, room_13, room_14,
          room_15, room_16, room_17, room_18, room_19, room_20, room_21,
          room_22, room_23, room_24, room_25, room_26, room_27]

Skill      XL: |  1  2  3  4  5  6  7  8  9 10 11 |
---------------+----------------------------------+-----
Fighting       | 4 5 6 7 9 10 11 | 11.5
Long Blades    | 3 4 5 6 7 8 9 10 11 12 | 12.3
Armour         | 4 5 6 7 9 10 12 14 15 | 15.5
Dodging        | 3 4 5 6 7 8 9 11 12 13 | 13.0
Evocations     | 4 5 6 7 8 10 11 13 14 15 | 15.0
Shields        | 4 |  4.0
Invocations    | 4 7 10 11 12 | 12.9

Action                   |  1- 3 |  4- 6 |  7- 9 | 10-12 || total
-------------------------+-------+-------+-------+-------++-------
Melee: Double sword      |       |     9 |     5 |    23 ||    37
Invok: Greater Servant o |       |       |       |     1 ||     1
Evoke: Lightning rod     |     2 |     7 |    14 |     3 ||    26
       Condenser vane    |       |     1 |       |     2 ||     3
  Use: Potion            |     1 |       |     2 |     2 ||     5
       Scroll            |       |     1 |     1 |       ||     2
Armor: Storm dragon scal |     1 |     8 |     7 |    14 ||    30
Dodge: Dodged            |     1 |     6 |     8 |    18 ||    33
Block: Buckler           |       |     6 |    12 |    15 ||    33

Table legend: (Time is in decaauts)
 A = Elapsed time spent in this place.
 B = Non-inter-level travel time spent in this place.
 C = Inter-level travel time spent in this place.
 D = Time resting spent in this place.
 E = Time spent auto-exploring this place.
 F = Levels seen in this place.
 G = Mean time per level.
                   A        B        C        D        E       F      G
               +--------+--------+--------+--------+--------+-----+--------+
         Total |    684 |    684 |      0 |    334 |      0 |   1 |  684.0 |
       Dungeon |    684 |    684 |      0 |    334 |      0 |   1 |  684.0 |
               +--------+--------+--------+--------+--------+-----+--------+

Top non-repeatable levels by time:
       D: 684 daAuts
